 Dungeon Crawl Stone Soup version 0.19.5 (webtiles) character file.

810160 Jerry the Axe Maniac (level 27, -1/240 (249) HPs)
             Began as a Formicid Fighter on Mar 21, 2017.
             Was the Champion of Kikubaaqudgha.
             Killed from afar by Antaeus (10 damage)
             ... with a flash freeze
             ... on level 7 of Cocytus on Mar 23, 2017.
             The game lasted 08:39:15 (87429 turns).

Jerry the Axe Maniac (Formicid Fighter)            Turns: 87429, Time: 08:39:16

HP:   -1/240 (249)  AC: 41    Str: 31    XL:     27
MP:   16/16         EV: 22    Int: 16    God:    Kikubaaqudgha [******]
Gold: 4159          SH: 23    Dex: 19    Spells: 9 memorised, 9 levels left

rFire  + + +     SeeInvis +     w - +9 executioner's axe (antimagic)
rCold  + + +     Gourm    .     c - +5 gold dragon scales
rNeg   + + +     Faith    .     r - +0 large shield of the Moon {Regen+ Int+4}
rPois  +         Spirit   .     (helmet unavailable)
rElec  .         Reflect  .     S - +2 cloak {MR+}
rCorr  .         Harm     .     L - +2 pair of gloves {Str+3}
MR     ++...                    v - +2 pair of boots {run}
Stlth  ..........               H - amulet "Meotwuly" {rC+ rN+ Regen+ MP+9}
                                D - ring "Sahuduf" {+Blink rF+++ rN+ MR- SInv}
                                N - ring "Tobraux" {rC+ rN+}

@: agile, studying Stealth, quick
A: permanent stasis, dig shafts and tunnels, four strong arms, antennae 3, thin
skeletal structure 1, high mp 1
a: Dig, Shaft Self, Receive Corpses, Torment, Renounce Religion
}: 5/15 runes: decaying, serpentine, silver, obsidian, abyssal


You were on level 7 of Cocytus.
You worshipped Kikubaaqudgha.
Kikubaaqudgha was exalted by your worship.
You were not hungry.

You visited 14 branches of the dungeon, and saw 67 of its levels.
You visited the Abyss 5 times.
You visited 2 bazaars.
You also visited: Labyrinth, Trove, Sewer, Ice Cave, Volcano and Desolation.

You collected 8901 gold pieces.
You spent 4742 gold pieces at shops.

Inventory:

Hand Weapons
 w - a +9 antimagic executioner's axe (weapon)
 E - the +4 executioner's axe of Poverty {flame, MR+}
   (Okawaru gifted it to you in a labyrinth)

   It has been specially enchanted to burn those struck by it, causing extra
   injury to most foes and up to half again as much damage against particularly
   susceptible opponents.
   Big, fiery blades are also staple armaments of hydra-hunters.
   It affects your resistance to hostile enchantments.
Armour
 c - +5 gold dragon scales (worn)
 r - the +0 large shield of the Moon (worn) {Regen+ Int+4}
   (Okawaru gifted it to you on level 2 of the Snake Pit)

   It affects your intelligence (+4).
   It increases your rate of regeneration.
 v - a +2 pair of boots of running (worn)
 C - the +0 large shield of the Spheres {rElec}
   (Okawaru gifted it to you on level 4 of the Snake Pit)

   It insulates you from electricity.
 L - a +2 pair of gloves of strength (worn)
 S - a +2 cloak of magic resistance (worn)
Jewellery
 D - the ring "Sahuduf" (right hand) {+Blink rF+++ rN+ MR- SInv}
   (You took it off an ancient champion on level 3 of the Crypt)

   [ring of positive energy]

   It renders you almost immune to fire.
   It protects you from negative energy.
   It affects your resistance to hostile enchantments.
   It lets you see invisible.
   It lets you blink.
 H - the amulet "Meotwuly" (around neck) {rC+ rN+ Regen+ MP+9}
   (You found it on level 3 of the Crypt)

   [amulet of regeneration]

   It protects you from cold.
   It protects you from negative energy.
   It affects your magic capacity (+9).
   It increases your rate of regeneration.
 N - the ring "Tobraux" (left hand) {rC+ rN+}
   (You took it off a deep elf blademaster on level 3 of the Elven Halls)

   [ring of positive energy]

   It protects you from cold.
   It protects you from negative energy.
Scrolls
 a - a scroll of holy word
 b - 2 scrolls of enchant armour
 e - 9 scrolls of amnesia
 i - a scroll of silence
 k - 9 scrolls of recharging
 p - 5 scrolls of enchant weapon
 q - 24 scrolls of remove curse
 x - 15 scrolls of fog
 z - 10 scrolls of fear
 F - 3 scrolls of summoning
 Q - 3 scrolls of immolation
 T - 3 scrolls of brand weapon
 U - 3 scrolls of magic mapping
Potions
 d - 2 potions of cure mutation
 j - 3 potions of resistance
 l - 20 potions of curing
 A - 13 potions of brilliance
 I - 6 potions of heal wounds
 J - 3 potions of agility
 K - 8 potions of flight
 O - 7 potions of ambrosia
 P - 2 potions of invisibility
 R - a potion of cancellation
 X - a potion of magic
Books
 g - a Necronomicon

   Spells                             Type                      Level
   a - Haunt                          Necromancy/Summoning         7
   b - Borgnjor's Revivification      Necromancy                   8
   c - Death's Door                   Charms/Necromancy            8
   d - Infestation                    Necromancy                   8
   e - Necromutation                  Transmutation/Necromancy     8
 h - a manual of Stealth
Comestibles
 f - 23 bread rations
 t - 38 meat rations
 B - 37 fruits


   Skills:
 O Level 27 Fighting
 O Level 27 Axes
 - Level 23.0 Armour
 + Level 14.4 Dodging
 + Level 13.4 Stealth
 - Level 16.4 Shields
 - Level 10.0 Spellcasting
 - Level 3.0 Charms
 + Level 20.7 Necromancy
 + Level 18.6 Transmutations
   Level 2.6 Invocations


You had 9 spell levels left.
You knew the following spells:

 Your Spells              Type           Power        Failure   Level  Hunger
a - Repel Missiles        Chrm/Air       ##....       54%         2    None
b - Necromutation         Tmut/Necr      ######....   96%         8    #######
c - Regeneration          Chrm/Necr      #####.....   1%          3    None
d - Simulacrum            Ice/Necr       #####.....   98%         6    ######.
e - Death Channel         Necr           ######....   1%          6    ######.
f - Corpse Rot            Necr           N/A          1%          2    None
g - Sublimation of Blood  Necr           ######....   1%          2    None
h - Dispel Undead         Necr           ######..     1%          5    #####..
i - Vampiric Draining     Necr           ######....   1%          3    None


Dungeon Overview and Level Annotations

Branches:
Dungeon (15/15)            Temple (1/1) D:4            Lair (6/6) D:8
  Swamp (4/4) Lair:3        Snake (4/4) Lair:3        Slime (0/5) Lair:6
    Orc (2/2) D:12            Elf (3/3) Orc:2        Vaults (5/5) D:14
  Crypt (3/3) Vaults:3       Tomb (0/3) Crypt:3      Depths (5/5) D:15
   Hell (1/1)                 Dis (0/7) Hell            Geh (7/7) Hell
    Coc (7/7) Hell            Tar (0/7) Hell            Zot (4/5) Depths:5

Altars:
Ashenzari
Cheibriados
Dithmenos
Elyvilon
Fedhas
Gozag
Hepliaklqana
Kikubaaqudgha
Makhleb
Nemelex Xobeh
Okawaru
Qazlal
Ru
Sif Muna
Trog
Uskayaw
Vehumet
Xom
Yredelemnul
Zin
The Shining One

Shops:
D:5 =   D:8 [   D:13 *   Orc:1 %   Orc:2 }[%*[   Elf:2 !   Snake:2 [
Snake:3 !*[!   Depths:3 (

Portals:
Hell: Depths:1 Depths:2 Depths:3 Depths:4 Depths:5
Abyss: Depths:1 Depths:2 Depths:4
Pandemonium: Depths:3 Depths:4 Depths:5
Ziggurat: Depths:3

Annotations:
Coc:7 Antaeus


Innate Abilities, Weirdness & Mutations

You are under a permanent stasis effect.
You can dig through walls and to a lower floor.
Your four strong arms can wield two-handed weapons with a shield.
You have a pair of large antennae on your head. (SInv)
You have a somewhat thin skeletal structure. (Dex +2, Stealth)
You have an increased reservoir of magic. (+10% MP)


Message History

* * * LOW HITPOINT WARNING * * *
The blizzard demon gestures at you.
The bolt of lightning hits Antaeus.
Antaeus completely resists.
The bolt of lightning hits you!
* * * LOW HITPOINT WARNING * * *
You enter the shallow water.
Moving in this stuff is going to be slow.
Your skin stops crawling.
Antaeus whispers, "Accept thy failure, thou artless weevil-witted strumpet!"
The blizzard demon gestures at you. The bolt of lightning hits you!
* * * LOW HITPOINT WARNING * * *
Things that are here:
a battleaxe; a robe
Things that are here:
+0 ice dragon scales; an ice dragon corpse Antaeus gestures at you.
The flash freeze hits you! You partially resist.
You die...
Kikubaaqudgha rasps: "You have failed me!
Welcome... death!"

,,**,,,,,,,,*,≈≈≈≈≈≈{##......#.##
,,**,,,,,,,,*,≈≈≈≈≈###..........#
,****,,,...#,≈≈≈≈≈≈#≈...#########
****,*,,..#.≈≈≈≈≈≈##≈).##**** ***
***,≈,*###.≈≈≈≈≈≈##≈.≈≈#{≈≈≈***≈*
,*,≈≈≈,...≈≈≈≈≈≈##≈)≈###≈{≈≈≈≈≈≈≈
,,*,≈,≈≈≈≈≈≈≈≈≈##≈.≈##≈≈≈{≈≈≈≈≈≈≈
,,,*,≈.≈≈≈≈≈≈≈##≈.≈##≈≈≈≈≈{≈{≈≈≈≈
,,,*,≈≈.≈≈≈≈≈≈≈†@≈##≈≈≈≈≈≈≈≈≈≈≈≈≈
,,,*,≈≈≈.≈##≈#†)[##≈≈≈≈b≈≈≈≈≈≈≈≈≈
,,,*,≈≈≈≈#..#.))≈#≈≈≈≈≈≈≈≈≈≈≈≈≈≈≈
,,*,≈≈≈≈#......#≈≈≈≈≈≈≈..≈,,≈≈≈≈≈
,*,≈≈≈≈≈#...≈2#≈≈≈≈≈≈≈.##.##,≈≈≈≈
*,≈≈≈≈≈≈≈#.≈...#C≈≈≈≈.#..#..*,≈≈≈
,≈≈≈≈≈≈≈#......#≈≈≈≈.#.......*,≈≈
≈≈≈≈≈≈≈≈#..#..#≈≈≈≈.#........,*,≈
≈≈≈≈≈≈≈≈≈##≈##≈.≈2≈.#.......,,*,≈


You could see Antaeus and a tormentor.

Vanquished Creatures
  Asmodeus (Geh:7)
  2 ancient liches
  Khufu (Crypt:1)
  Mara (Vaults:4)
  Mennas (Crypt:1)
  A juggernaut (Depths:3)
  A greater mummy (Crypt:1)
  Sojobo (Vaults:3)
  Saint Roka (Elf:3)
  6 shard shrikes
  Frederick (Vaults:4)
  The ghost of GordonOverkill the Peltast, a veteran HEBe of Trog (Depths:5)
  2 curse toes
  A caustic shrike (Depths:3)
  Xtahua (Vaults:4)
  Geryon (Hell)
  4 golden dragons
  6 bone dragons
  Jory (Vaults:5)
  Jorgrun (Vaults:5)
  10 liches
  An electric golem (Zot:2)
  10 Brimstone Fiends
  A hellephant (Abyss:2)
  9 Ice Fiends
  21 tentacled monstrosities
  Asterion (Depths:1)
  16 titans
  2 quicksilver dragons
  13 deep elf master archers
  6 ancient champions
  Murray (Hell)
  26 tentacled starspawn
  8 deep elf blademasters
  2 Executioners (Abyss:1)
  An eldritch tentacle (Geh:7)
  2 sphinxes
  Gastronok (D:10)
  6 death cobs
  15 tengu reavers
  A thorn hunter (Swamp:2)
  A shadow dragon (shapeshifter) (Depths:2)
  12 storm dragons
  14 shadow dragons
  Donald (Swamp:2)
  2 draconian monks
  An azure jelly (Swamp:4)
  8 nagarajas
  23 fire giants
  2 iron dragons (shapeshifter) (Depths:2)
  22 frost giants
  3 revenants
  4 imperial myrmidons (Desolation)
  Aizul (Snake:3)
  An iron dragon (Depths:2)
  16 vault wardens
  7 deep elf sorcerers
  2 draconian knights
  A frost giant (shapeshifter) (Vaults:5)
  A curse skull (Crypt:1)
  5 draconian zealots
  A ghost moth (shapeshifter) (Depths:2)
  6 ghost moths
  An orc warlord (Elf:1)
  Louise (Depths:4)
  4 draconian annihilators
  7 balrugs
  2 draconian scorchers
  25 stone giants
  3 deep elf elementalists
  5 draconian shifters
  5 war gargoyles (Depths:2)
  2 spriggan defenders
  An elemental wellspring (Coc:6)
  10 ironheart preservers
  4 ghouls
  An ophan (Abyss:1)
  2 entropy weavers
  9 green draconians
  7 reapers
  A draconian caller (Zot:4)
  A caustic shrike skeleton (Crypt:1)
  4 deep elf demonologists
  2 lorocyprocas
  32 very ugly things
  7 vampire knights (Crypt:1)
  7 deep elf annihilators
  6 black draconians
  8 purple draconians
  12 white draconians
  A halazid warlock (Desolation)
  9 red draconians
  Azrael (Snake:3)
  4 spark wasps (Depths:2)
  7 yellow draconians
  7 eidola
  3 merfolk javelineers
  10 mottled draconians
  3 green deaths
  An ettin (shapeshifter) (Vaults:5)
  12 fire dragons
  A minotaur (Lab)
  14 ettins
  3 jiangshi (Crypt:3)
  13 blizzard demons
  3 crystal guardians
  7 deep elf death magi
  12 servants of whispers (Desolation)
  7 ragged hierophants (Desolation)
  The ghost of Jerry the Carver, a journeyman FoFi of Kikubaaqudgha (Lair:2)
  2 kraken zombies
  19 yaktaur captains
  A mummy priest (Crypt:3)
  2 deep elf high priests (Elf:3)
  9 great orbs of eyes
  A quicksilver dragon skeleton (Geh:6)
  3 quicksilver dragon zombies
  7 ogre magi
  Erolcha (Orc:2)
  17 hydras
  9 rakshasas
  31 vault guards
  21 anacondas
  23 ice dragons
  8 spriggan air magi
  2 juggernaut simulacra (Depths:2)
  5 peacekeepers
  2 ghost crabs (Swamp:2)
  28 naga warriors
  A monstrous demonspawn (Depths:5)
  4 catoblepae
  An anaconda (shapeshifter) (Depths:2)
  14 centaur warriors
  16 deep troll earth magi
  9 alligators
  5 titan zombies
  9 vampire magi
  28 hell hogs
  4 death knights
  7 deep troll shamans
  15 shock serpents
  21 thrashing horrors
  26 dancing weapons
  10 naga sharpshooters
  3 orc high priests
  6 tengu warriors
  2 spriggan berserkers (Depths:3)
  2 storm dragon zombies
  7 sun demons
  Nergalle (D:10)
  Urug (Lair:2)
  31 deep elf knights
  A death drake (Abyss:1)
  13 wretched stars
  11 salamander mystics
  8 soul eaters
  47 hell knights
  54 skeletal warriors
  7 shadow wraiths
  2 sixfirhies
  6 iron trolls
  3 titan skeletons
  2 ghost moth zombies
  26 deep trolls
  4 golden dragon zombies
  5 storm dragon skeletons
  9 unseen horrors
  8 spatial maelstroms
  2 death drakes (shapeshifter)
  11 naga ritualists
  A spark wasp zombie (Hell)
  A spriggan druid (Swamp:4)
  3 shambling mangroves
  A sea snake (shapeshifter) (Vaults:3)
  10 flayed ghosts
  A swamp dragon (Swamp:2)
  A shadow demon (Abyss:2)
  A lindwurm (Lair:6)
  9 phantasmal warriors
  4 shadow dragon zombies
  19 deep elf archers
  3 necromancers
  2 lindwurms (shapeshifter)
  3 golden dragon skeletons
  6 wizards
  6 anaconda zombies
  A hill giant (shapeshifter) (Depths:2)
  7 glowing orange brains
  16 orc knights
  82 deep elf magi
  9 anaconda skeletons
  6 hill giants
  4 wolf spiders
  3 iron dragon zombies
  4 stone giant zombies
  A mana viper (shapeshifter) (Abyss:2)
  19 ironbrand convokers
  A sphinx skeleton (Vaults:3)
  7 orc sorcerers
  6 fire giant zombies
  9 mana vipers
  9 frost giant zombies
  4 tengu skeletons
  A shining eye (shapeshifter) (Vaults:5)
  A manticore (shapeshifter) (Vaults:3)
  2 manticores
  A wolf spider zombie (Geh:1)
  3 shadow dragon skeletons
  3 cyclopes
  9 worldbinders
  55 ugly things
  6 fire giant skeletons
  2 centaur zombies
  Maurice (Orc:2)
  A shock serpent zombie (Geh:7)
  15 salamanders
  14 moths of wrath
  3 iron dragon skeletons
  5 apocalypse crabs
  24 naga magi
  4 stone giant skeletons
  28 black mambas
  6 elephants
  2 frost giant skeletons
  A water nymph (shapeshifter) (D:15)
  4 dire elephant zombies
  26 smoke demons
  17 vault sentinels
  17 guardian serpents
  An eye of devastation (Abyss:1)
  Psyche (D:12)
  3 rust devils
  3 ice statues
  6 storm dragon simulacra (Coc:7)
  19 spiny frogs
  24 molten gargoyles
  An eye of devastation (shapeshifter) (Depths:1)
  3 gargoyles
  3 titan simulacra
  2 pale draconian zombies
  6 torpor snails (Lair:6)
  2 emperor scorpion zombies
  4 orange demons
  A dire elephant skeleton (Coc:4)
  19 hellions
  6 rime drakes
  9 komodo dragons
  2 kobold demonologists
  35 yaktaurs
  A swamp worm zombie (Crypt:2)
  3 efreet
  A komodo dragon (shapeshifter) (Vaults:3)
  A yaktaur (shapeshifter) (Depths:3)
  A yaktaur zombie (Hell)
  9 anaconda simulacra
  28 freezing wraiths
  4 hellwings (Abyss:2)
  A yaktaur skeleton (Vaults:3)
  11 tormentors
  31 ice devils
  14 hydra zombies
  4 demonic crawlers
  6 guardian mummies (Crypt:3)
  16 ancient zymes
  4 meliai
  7 human skeletons
  5 hydra skeletons
  2 harpy zombies
  16 red devils
  A queen bee (Abyss:3)
  2 queen bees (shapeshifter)
  8 trolls
  4 tengu conjurers
  2 shadow dragon simulacra
  A hornet (shapeshifter) (Depths:3)
  A troll (shapeshifter) (Depths:4)
  A two-headed ogre (shapeshifter) (Vaults:3)
  53 saltlings (Desolation)
  26 raiju
  20 hornets
  A raiju (shapeshifter) (Depths:2)
  A tarantella zombie (Crypt:1)
  11 tyrant leeches
  A snapping turtle (shapeshifter) (Depths:2)
  15 blink frogs
  9 bog bodies
  3 alligator zombies
  17 two-headed ogres
  2 minotaur skeletons
  A harpy skeleton (Coc:6)
  3 ice dragon zombies
  A slime creature (shapeshifter) (Depths:5)
  A blink frog (shapeshifter) (Vaults:4)
  3 fire dragon zombies
  20 slime creatures
  11 dream sheep
  A dream sheep (shapeshifter) (Vaults:4)
  A stone giant simulacrum (Coc:1)
  A deep troll zombie (Hell)
  13 hippogriffs
  2 ettin zombies
  88 starcursed masses
  2 black mamba zombies
  92 flying skulls
  2 dire elephant simulacra (IceCv)
  An alligator skeleton (Crypt:2)
  A spriggan (shapeshifter) (Abyss:1)
  8 spriggans
  A vampire (Abyss:1)
  24 shadows
  2 air elementals (Elf:3)
  67 small abominations
  3 wyverns
  4 ice dragon skeletons
  2 tarantellas (shapeshifter)
  8 ettin skeletons
  4 redbacks
  9 fire dragon skeletons
  18 ynoxinuls
  4 hogs (D:10)
  15 yaks
  14 water elementals
  30 wraiths
  The ghost of MirrMurr the Sneak, an amateur SpEn (Sewer)
  A human (D:10)
  A black mamba skeleton (Crypt:1)
  9 chaos spawn
  7 fire bats
  A human (shapeshifter) (Abyss:2)
  3 golden eyes (Abyss:2)
  A golden eye (shapeshifter) (Vaults:1)
  6 swamp worm simulacra (Swamp:4)
  28 fire elementals
  8 basilisks
  32 vampire mosquitoes
  4 hungry ghosts
  A catoblepas simulacrum (Abyss:1)
  50 large abominations
  3 steam dragons
  10 neqoxecs
  A death yak simulacrum (IceCv)
  An emperor scorpion simulacrum (Abyss:1)
  A tengu zombie (Hell)
  15 insubstantial wisps
  A mottled dragon (shapeshifter) (Vaults:4)
  79 nagas
  6 wargs
  4 harpy simulacra (IceCv)
  6 mottled dragons
  A monstrous demonspawn zombie (Crypt:1)
  11 swamp worms
  4 iron troll simulacra (IceCv)
  7 spatial vortices
  18 water moccasins
  20 hydra simulacra
  An infernal demonspawn skeleton (Crypt:2)
  6 spiny frog zombies
  12 porcupines
  36 hell hounds
  A gelid demonspawn skeleton (Crypt:3)
  6 ice beasts
  3 sky beasts
  2 eyes of draining
  A fire dragon simulacrum (Abyss:2)
  A sky beast (shapeshifter) (Depths:4)
  A black bear (shapeshifter) (Vaults:3)
  A black bear (Lair:3)
  An alligator simulacrum (IceCv)
  A ghost crab zombie (Crypt:1)
  43 orc warriors
  3 spiny frog skeletons
  3 swamp dragon zombies
  5 snapping turtle zombies
  3 necrophages
  41 ogres
  3 phantoms
  2 ettin simulacra
  A tengu (shapeshifter) (Vaults:5)
  2 manticore skeletons
  43 centaurs
  3 wolves (Lair:2)
  An ogre (shapeshifter) (Abyss:2)
  8 boggarts
  A swamp dragon skeleton (Coc:1)
  A torpor snail zombie (Crypt:1)
  11 crocodiles
  2 elf skeletons
  3 elf zombies
  A fire crab zombie (Crypt:1)
  A draconian zombie (Crypt:2)
  27 bullfrogs
  A cyclops zombie (Crypt:3)
  A merfolk simulacrum (Abyss:1)
  5 earth elementals
  A hell hound skeleton (Crypt:3)
  A wyvern skeleton (D:11)
  A water moccasin zombie (Crypt:2)
  5 scorpions
  An elephant simulacrum (IceCv)
  A spriggan zombie (Coc:7)
  A water moccasin skeleton (D:10)
  17 killer bees
  A polar bear zombie (Crypt:3)
  A swamp dragon simulacrum (IceCv)
  A spriggan skeleton (Crypt:3)
  2 electric eels (Lair:1)
  38 wights
  A howler monkey (D:9)
  A troll skeleton (Lab)
  A bullfrog zombie (D:12)
  2 lava snakes (Volcano)
  12 crimson imps
  2 draconian simulacra (IceCv)
  11 quasits
  3 jellies
  50 orc wizards
  4 bullfrog skeletons
  A gnoll shaman (D:8)
  29 orc priests
  8 hounds
  6 centaur skeletons
  6 iron imps
  An iguana (D:5)
  Natasha (D:3)
  3 troll simulacra (IceCv)
  9 worker ants
  8 hell rats (Hell)
  2 spriggan simulacra (IceCv)
  A killer bee zombie (D:11)
  2 centaur simulacra (IceCv)
  2 hound zombies (D:8)
  A hound skeleton (D:6)
  7 mummies
  A worker ant zombie (Crypt:2)
  A howler monkey zombie (Crypt:2)
  11 gnolls
  3 howler monkey skeletons
  25 adders
  A naga simulacrum (IceCv)
  4 ogre simulacra (IceCv)
  A river rat (D:5)
  5 shadow imps
  16 white imps
  17 ufetubi
  An ooze (D:2)
  2 swamp drake simulacra (Swamp:4)
  An adder skeleton (D:4)
  2 worms
  A dart slug (shapeshifter) (Depths:2)
  2 dart slugs
  7 leopard geckos
  133 orcs
  10 bats
  A bat zombie (Crypt:1)
  2 giant cockroaches (D:3)
  6 goblins
  11 hobgoblins
  11 jackals
  10 kobolds
  2 quokkas
  5 ball pythons
  A ball python skeleton (Crypt:2)
  2 frilled lizards
  9 rats
  A river rat zombie (Crypt:2)
  5 fungi
  2 lurking horrors (Abyss:2)
  11 plants
  33 starspawn tentacles
  4 tentacles
3938 creatures vanquished.

Vanquished Creatures (others)
  A frost giant (Elf:2)
  A fire giant (Elf:3)
  An ice dragon (Coc:1)
  A hell hog (Hell)
  A deep elf knight (Elf:3)
  A shadow wraith (Vaults:5)
  A mana viper (Snake:4)
  A tengu conjurer (Depths:2)
  A flying skull (Geh:6)
  A wraith (Geh:1)
  A golden eye (Abyss:2)
  An orc warrior (Elf:2)
  A sky beast (shapeshifter) (Vaults:5)
  A small abomination (Abyss:2)
  A wolf (shapeshifter) (Vaults:5)
  A centaur (Depths:3)
  A bullfrog (Lair:5)
  A hell rat (Hell)
  An adder (Snake:2)
  An orc (Vaults:3)
  8 fungi
  6 lurking horrors (Abyss:2)
  25 plants
  35 starspawn tentacles
  6 tentacles
100 creatures vanquished.

Grand Total: 4038 creatures vanquished

Notes
Turn   | Place    | Note
-------+----------+-------------------------------------------
     0 | D:1      | Jerry the Formicid Fighter began the quest for the Orb.
     0 | D:1      | Reached XP level 1. HP: 18/18 MP: 1/1
   221 | D:1      | Reached XP level 2. HP: 23/24 MP: 2/2
   759 | D:2      | Reached XP level 3. HP: 29/29 MP: 3/3
  1157 | D:2      | Reached XP level 4. HP: 23/37 MP: 4/4
  1495 | D:2      | Found a bloodstained altar of Trog.
  1498 | D:2      | Found a radiant altar of Vehumet.
  1501 | D:2      | Found a glowing golden altar of the Shining One.
  1707 | D:2      | Reached XP level 5. HP: 14/42 MP: 5/5
  2466 | D:3      | Noticed Natasha
  2526 | D:3      | Found an iron altar of Okawaru.
  2535 | D:3      | Became a worshipper of Warmaster Okawaru
  2907 | D:3      | Killed Natasha
  3030 | D:3      | Reached XP level 6. HP: 49/49 MP: 6/6
  3209 | D:4      | Found a shimmering altar of Xom.
  3629 | D:4      | Found a staircase to the Ecumenical Temple.
  3668 | D:4      | Reached skill level 5 in Armour
  3677 | D:4      | Reached skill level 5 in Axes
  3677 | D:4      | Reached XP level 7. HP: 28/55 MP: 7/7
  4114 | D:5      | Entered Level 5 of the Dungeon
  4162 | D:5      | Reached skill level 5 in Fighting
  4162 | D:5      | Reached skill level 1 in Invocations
  4184 | D:5      | Reached * piety under Okawaru
  4320 | D:5      | Found a glowing drain.
  4387 | Sewer    | Entered a sewer
  4443 | Sewer    | Noticed MirrMurr's ghost (amateur SpEn)
  4450 | Sewer    | Killed MirrMurr's ghost
  4450 | Sewer    | Reached XP level 8. HP: 61/63 MP: 9/9
  4457 | Sewer    | Reached ** piety under Okawaru
  4750 | D:5      | Found a sparkling altar of Nemelex Xobeh.
  4764 | D:5      | Found Icudyn's Jewellery Boutique.
  5294 | D:6      | Learned a level 2 spell: Repel Missiles
  5523 | D:6      | Reached *** piety under Okawaru
  5523 | D:6      | Reached XP level 9. HP: 64/71 MP: 11/11
  5539 | D:6      | Found a hide-covered altar of Uskayaw.
  5539 | D:6      | Found a shadowy altar of Dithmenos.
  5634 | D:6      | Found a deep blue altar of Sif Muna.
  5634 | D:6      | Found a white marble altar of Elyvilon.
  5639 | D:6      | Found a faded altar of an unknown god.
  5641 | D:6      | Found a faded altar of an unknown god.
  5649 | D:6      | Found a faded altar of an unknown god.
  5790 | D:7      | Found a sacrificial altar of Ru.
  5790 | D:7      | Noticed a hippogriff
  5797 | D:7      | Killed a hippogriff
  6181 | D:7      | Found a shattered altar of Ashenzari.
  6325 | D:7      | Noticed a hippogriff
  6339 | D:7      | Killed a hippogriff
  6916 | D:8      | Found Dehiemou's Armour Boutique.
  6977 | D:8      | Reached **** piety under Okawaru
  6991 | D:8      | Noticed a blink frog
  6994 | D:8      | Noticed a blink frog
  7030 | D:7      | Reached XP level 10. HP: 49/79 MP: 12/12
  7555 | D:8      | Found a staircase to the Lair.
  7926 | D:7      | Reached skill level 10 in Axes
  8514 | D:9      | Reached ***** piety under Okawaru
  8518 | D:9      | Noticed a white ugly thing
  8545 | D:9      | Killed a white ugly thing
  8583 | D:9      | Received a gift from Okawaru
  9288 | D:9      | Reached XP level 11. HP: 78/89 MP: 10/13
  9426 | D:10     | Entered Level 10 of the Dungeon
  9586 | D:10     | Noticed Gastronok
  9606 | D:10     | Killed Gastronok
  9606 | D:10     | Reached skill level 5 in Shields
  9739 | D:10     | Noticed an unseen horror
  9746 | D:10     | Noticed a hill giant
  9751 | D:10     | Killed a hill giant
  9751 | D:10     | Reached skill level 10 in Armour
  9779 | D:10     | Killed an unseen horror
 10383 | D:10     | Reached skill level 10 in Fighting
 10386 | D:10     | Reached ****** piety under Okawaru
 10421 | D:10     | Noticed a catoblepas
 10443 | D:10     | Killed a catoblepas
 10877 | D:10     | Reached XP level 12. HP: 97/97 MP: 14/14
 10996 | D:10     | Noticed Nergalle
 11010 | D:10     | Killed Nergalle
 11318 | Lair:1   | Entered Level 1 of the Lair of Beasts
 11829 | Lair:1   | Received a gift from Okawaru
 12876 | Lair:1   | Noticed a seven-headed hydra
 12959 | Lair:1   | HP: 4/99 [seven-headed hydra (10)]
 12960 | Lair:1   | Killed a seven-headed hydra
 13382 | Lair:1   | Noticed a four-headed hydra
 13395 | Lair:1   | Killed a four-headed hydra
 13971 | Lair:2   | Noticed Jerry's ghost (journeyman FoFi)
 14007 | Lair:2   | Killed Jerry's ghost
 14007 | Lair:2   | Received a gift from Okawaru
 14008 | Lair:2   | Got a crystal broad axe {god gift}
 14009 | Lair:2   | Identified the +1 broad axe of Wedghem {flame, rN++} (Okawaru gifted it to you on level 2 of the Lair of Beasts)
 14296 | Lair:2   | Reached XP level 13. HP: 85/106 MP: 15/15
 14777 | Lair:2   | Noticed Urug
 14795 | Lair:2   | Killed Urug
 15009 | Lair:2   | Noticed a seven-headed hydra
 15009 | Lair:2   | Noticed a five-headed hydra
 15031 | Lair:2   | Killed a one-headed hydra
 15035 | Lair:2   | Killed a three-headed hydra
 16280 | D:5      | Bought the ring "Mogony" {rPois MP+9 Str-3 Slay+6} for 601 gold pieces
 16496 | Lair:3   | Found a staircase to the Swamp.
 16754 | Lair:3   | Noticed a five-headed hydra
 16760 | Lair:3   | Killed a one-headed hydra
 16891 | Lair:3   | Found a staircase to the Snake Pit.
 16892 | Lair:3   | Got a steaming scale mail
 16893 | Lair:3   | Identified the +5 scale mail "Qowajad" {Dex+3} (You found it on level 3 of the Lair of Beasts)
 16974 | Lair:3   | Received a gift from Okawaru
 16977 | Lair:3   | Got a bloodstained battleaxe {god gift}
 16978 | Lair:3   | Identified the +11 battleaxe "Huiten" {protect, MR+} (Okawaru gifted it to you on level 3 of the Lair of Beasts)
 17432 | Lair:4   | Noticed a catoblepas
 17442 | Lair:4   | Killed a catoblepas
 17498 | Lair:4   | Found a dark tunnel.
 17506 | Volcano  | Entered a volcano
 17716 | Volcano  | Found a radiant altar of Vehumet.
 17716 | Volcano  | Noticed a centaur warrior
 17723 | Volcano  | Killed a centaur warrior
 18569 | Lair:5   | Noticed an eight-headed hydra
 18582 | Lair:5   | Reached XP level 14. HP: 115/115 MP: 16/16
 18666 | Lair:5   | Received a gift from Okawaru
 18988 | Lair:5   | Reached skill level 15 in Axes
 19160 | Lair:6   | Entered Level 6 of the Lair of Beasts
 19188 | Lair:6   | Received a gift from Okawaru
 19431 | Lair:6   | Found a staircase to the Slime Pits.
 19486 | Lair:6   | Found a runed door.
 20295 | Lair:6   | Received a gift from Okawaru
 20298 | Lair:6   | Got a pair of faintly humming gloves {god gift}
 20309 | Lair:6   | Identified the +0 pair of gloves "Ylarem" {Int+4} (Okawaru gifted it to you on level 6 of the Lair of Beasts)
 20744 | Snake:1  | Entered Level 1 of the Snake Pit
 20759 | Lair:3   | Reached XP level 15. HP: 122/124 MP: 17/17
 20764 | Lair:3   | Gained mutation: You have a somewhat thin skeletal structure. (Dex +2, Stealth) [mutagenic meat]
 20765 | Lair:3   | Gained mutation: You are partially covered in large bone plates. (SH +4) [mutagenic meat]
 21860 | Snake:1  | Received a gift from Okawaru
 22356 | D:11     | Found a labyrinth entrance.
 22371 | Lab      | Entered a labyrinth
 22757 | Lab      | Received a gift from Okawaru
 22760 | Lab      | Got a bloodstained executioner's axe {god gift}
 22784 | Lab      | Identified the +4 executioner's axe of Poverty {flame, MR+} (Okawaru gifted it to you in a labyrinth)
 23258 | D:12     | Noticed Psyche
 23261 | D:12     | Killed Psyche
 23278 | D:12     | Found a staircase to the Orcish Mines.
 23355 | D:12     | Gained mutation: Your muscles are strong. (Str +2) [mutagenic meat]
 23356 | D:12     | Gained mutation: Your muscles are very strong. (Str +4) [mutagenic meat]
 23805 | Orc:1    | Entered Level 1 of the Orcish Mines
 24083 | Orc:2    | Entered Level 2 of the Orcish Mines
 24102 | Orc:2    | Noticed Erolcha
 24108 | Orc:2    | Killed Erolcha
 24116 | Orc:2    | Found a staircase to the Elven Halls.
 24192 | Orc:2    | Found Sytilyop's Antique Armour Boutique.
 24219 | Orc:1    | Found Tudy's Food Boutique.
 24407 | Orc:1    | Reached XP level 16. HP: 126/133 MP: 18/18
 24513 | Orc:2    | Noticed Maurice
 24527 | Orc:2    | Killed Maurice
 24575 | Orc:2    | Found Legayx's Food Emporium.
 24575 | Orc:2    | Found Ulism's Gadget Shoppe.
 24578 | Orc:2    | Found Anysul's Antique Armour Shoppe.
 24649 | Orc:2    | Found Ijeot's Assorted Antiques.
 24665 | Orc:2    | Received a gift from Okawaru
 25310 | Orc:2    | Bought a smoking plate armour for 756 gold pieces
 25334 | Orc:2    | Bought a shiny shield for 367 gold pieces
 25355 | Orc:2    | Identified the +3 plate armour of the Moon Troll {Str+4} (You bought it in a shop on level 2 of the Orcish Mines)
 25606 | Swamp:1  | Entered Level 1 of the Swamp
 26562 | Swamp:2  | Reached skill level 15 in Armour
 26756 | Swamp:2  | Noticed a thorn hunter
 26762 | Swamp:2  | Killed a thorn hunter
 26841 | Swamp:2  | Noticed Donald
 26852 | Swamp:2  | Killed Donald
 26852 | Swamp:2  | Reached skill level 15 in Fighting
 27630 | Swamp:3  | Found a sacrificial altar of Ru.
 27753 | Swamp:4  | Entered Level 4 of the Swamp
 27762 | Swamp:4  | Received a gift from Okawaru
 27822 | Swamp:4  | Reached XP level 17. HP: 138/142 MP: 19/19
 29041 | Swamp:4  | Received a gift from Okawaru
 29502 | Swamp:4  | Noticed a tentacled monstrosity
 29515 | Swamp:4  | Killed a tentacled monstrosity
 29515 | Swamp:4  | Received a gift from Okawaru
 29646 | Swamp:4  | Got a decaying rune of Zot
 30130 | D:13     | Found Tejilloudo's General Store.
 30291 | D:13     | Found a portal to a secret trove of treasure.
 30790 | D:14     | Found a gate to the Vaults.
 30804 | D:14     | Received a gift from Okawaru
 30866 | D:14     | Identified a +0 pair of boots of running (Okawaru gifted it to you on level 14 of the Dungeon)
 31180 | D:15     | Entered Level 15 of the Dungeon
 31553 | D:15     | Reached XP level 18. HP: 139/151 MP: 20/20
 31712 | D:15     | Found a flickering gateway to a bazaar.
 31726 | Bazaar   | Entered a bazaar
 31739 | Bazaar   | Found Munt's Food Emporium.
 31739 | Bazaar   | Found Gilomn's Distillery.
 31757 | Bazaar   | Bought a potion of agility for 60 gold pieces
 31775 | Bazaar   | Found Zyqasel's Gadget Shoppe.
 31775 | Bazaar   | Found Loghux's Food Shoppe.
 31965 | D:15     | Found a staircase to the Depths.
 32870 | Snake:2  | Received a gift from Okawaru
 32886 | Snake:2  | Got a faintly glowing large shield {god gift}
 32887 | Snake:2  | Identified the +0 large shield of the Moon {Regen+ Int+4} (Okawaru gifted it to you on level 2 of the Snake Pit)
 32943 | Snake:2  | Found Voujuk Koce's Antique Armour Emporium.
 33787 | Snake:3  | Found Qinuheto's Distillery.
 33790 | Snake:3  | Found Ypie's Antique Armour Boutique.
 33790 | Snake:3  | Found Pafoliaw's General Store.
 33792 | Snake:3  | Noticed Azrael
 33808 | Snake:3  | Killed Azrael
 33811 | Snake:3  | Found Yqaschal's Distillery.
 33829 | Snake:3  | Bought a warped shield for 275 gold pieces
 33829 | Snake:3  | Bought an encrusted cloak for 275 gold pieces
 33829 | Snake:3  | Identified the cursed +0 shield of Kivvysod {rPois rF+ Slay+3} (You bought it in a shop on level 3 of the Snake Pit)
 33830 | Snake:3  | Identified the cursed -5 cloak "Apubeu" {Str+2} (You bought it in a shop on level 3 of the Snake Pit)
 33957 | Snake:3  | Reached skill level 10 in Shields
 34646 | Snake:3  | Noticed Aizul
 34654 | Snake:3  | Killed Aizul
 34788 | Snake:4  | Entered Level 4 of the Snake Pit
 34808 | Snake:4  | Received a gift from Okawaru
 34811 | Snake:4  | Got a translucent large shield {god gift}
 34833 | Snake:4  | Reached XP level 19. HP: 131/159 MP: 21/21
 34862 | Snake:4  | Found a frozen archway.
 34947 | IceCv    | Entered an ice cave
 35733 | IceCv    | Noticed an Ice Fiend
 35758 | IceCv    | Killed an Ice Fiend
 36226 | IceCv    | Identified the +0 large shield of the Spheres {rElec} (Okawaru gifted it to you on level 4 of the Snake Pit)
 37693 | Snake:4  | Received a gift from Okawaru
 39062 | Snake:4  | Reached XP level 20. HP: 162/168 MP: 22/22
 39406 | Snake:4  | Got a jewelled ring mail {god gift}
 39720 | Snake:4  | Got a serpentine rune of Zot
 40064 | Lair:3   | Identified the +5 ring mail "Rerunec" {rF+ rC+} (Okawaru gifted it to you on level 4 of the Snake Pit)
 40287 | Vaults:1 | Entered Level 1 of the Vaults
 40429 | Vaults:1 | Received a gift from Okawaru
 41557 | Vaults:2 | Received a gift from Okawaru
 42453 | Vaults:2 | Found a gateway to a bazaar.
 42468 | Bazaar   | Entered a bazaar
 42468 | Bazaar   | Found Jinurrai's Jewellery Emporium.
 42495 | Bazaar   | Found Siatuut's Armour Shoppe.
 42497 | Bazaar   | Found Bebbig's Gadget Shoppe.
 42511 | Bazaar   | Found Big Lant's Gadget Boutique.
 42746 | Vaults:3 | Reached XP level 21. HP: 147/177 MP: 23/23
 42987 | Vaults:3 | Noticed Sojobo
 42999 | Vaults:3 | Killed Sojobo
 43291 | Vaults:3 | Received a gift from Okawaru
 43512 | Vaults:3 | Found a staircase to the Crypt.
 43934 | Vaults:3 | Found a white marble altar of Elyvilon.
 44907 | Vaults:4 | Received a gift from Okawaru
 45046 | Vaults:4 | Noticed Frederick
 45060 | Vaults:4 | Killed Frederick
 45117 | Vaults:4 | Reached XP level 22. HP: 185/185 MP: 24/24
 45439 | Vaults:4 | Noticed Xtahua
 45449 | Vaults:4 | Killed Xtahua
 45499 | Vaults:4 | Found a ruined gateway.
 45511 | Vaults:4 | Reached skill level 15 in Shields
 45519 | Desolati | Entered the Desolation of Salt
 45787 | Desolati | Received a gift from Okawaru
 46011 | Desolati | Got a wavering bronze amulet
 46012 | Desolati | Identified the amulet "Syewnuc" {Harm *Drain MR+ Stlth+} (You found it in the Desolation of Salt)
 46018 | Desolati | Got a spiked troll leather armour
 46040 | Desolati | Got a dazzling scale mail
 46286 | Desolati | Identified the Guide on Unstable Dislocation
 46306 | Desolati | Got a transparent marble ring
 46310 | Desolati | Identified the ring of Wewneim {rC+ MR+ Str+3} (You found it in the Desolation of Salt)
 46311 | Desolati | Identified the +4 troll leather armour "Vokynon" {*Drain rF++ MR+ Regen+ Int+2} (You found it in the Desolation of Salt)
 46312 | Desolati | Identified the +6 scale mail of Tesig {Dex+2} (You found it in the Desolation of Salt)
 46602 | Vaults:4 | Noticed Mara
 46603 | Vaults:4 | Noticed Jerry's illusion
 46619 | Vaults:4 | Killed Mara
 46720 | Vaults:4 | Found a hazy altar of Hepliaklqana.
 47648 | Crypt:1  | Entered Level 1 of the Crypt
 47704 | Crypt:1  | Noticed Khufu
 47704 | Crypt:1  | Noticed a greater mummy
 47738 | Crypt:1  | Reached XP level 23. HP: 128/191 MP: 25/25
 47919 | Crypt:1  | Killed a greater mummy
 47919 | Crypt:1  | Received a gift from Okawaru
 48258 | Crypt:1  | Killed Khufu
 49245 | Crypt:1  | Noticed Mennas
 49324 | Crypt:1  | HP: 5/191 [Mennas/sacred scourge of holy wrath (15)]
 49334 | Crypt:1  | HP: 7/191 [Mennas/sacred scourge of holy wrath (11)]
 49370 | Crypt:1  | HP: 8/191 [Mennas/sacred scourge of holy wrath (19)]
 49381 | Crypt:1  | Killed Mennas
 49872 | Crypt:1  | Reached skill level 1 in Dodging
 49897 | Crypt:1  | Received a gift from Okawaru
 49900 | Crypt:1  | Got a pair of faintly humming gloves {god gift}
 49901 | Crypt:1  | Identified the +0 pair of gloves "Kaecw" {Stlth+} (Okawaru gifted it to you on level 1 of the Crypt)
 51141 | Crypt:3  | Entered Level 3 of the Crypt
 51144 | Crypt:3  | Noticed a curse toe
 51560 | Depths:1 | Entered Level 1 of the Depths
 52260 | D:15     | Reached XP level 24. HP: 175/199 MP: 25/25
 52492 | Depths:1 | Received a gift from Okawaru
 52562 | Depths:1 | Found a gateway to Hell.
 52638 | Depths:1 | Noticed Asterion
 52657 | Depths:1 | Killed Asterion
 53053 | Depths:1 | Found a shimmering altar of Xom.
 53118 | Depths:1 | Found a one-way gate to the infinite horrors of the Abyss.
 53521 | Depths:2 | Received a gift from Okawaru
 54967 | Depths:2 | Received a gift from Okawaru
 55479 | Depths:3 | Reached XP level 25. HP: 202/208 MP: 10/25
 55544 | Depths:3 | Found a one-way gate leading to the halls of Pandemonium.
 55739 | Depths:3 | Found a gateway to a ziggurat.
 55915 | Depths:3 | Found Baacizu's Weapon Emporium.
 56156 | Depths:3 | Noticed a caustic shrike
 56176 | Depths:3 | Killed a caustic shrike
 56689 | Orc:2    | Bought shiny gold dragon scales for 2322 gold pieces
 56936 | Temple   | Entered the Ecumenical Temple
 57587 | Vaults:4 | Received a gift from Okawaru
 57811 | Vaults:4 | Learned a level 6 spell: Statue Form
 57828 | Vaults:5 | Entered Level 5 of the Vaults
 57840 | Vaults:5 | Cast into level 3 of the Abyss (vault guard)
 58064 | Abyss:3  | Found a corrupted altar of Lugonu.
 58081 | Vaults:5 | Escaped the Abyss
 58081 | Vaults:5 | Noticed Jory
 58131 | Vaults:5 | Killed Jory
 58831 | Vaults:5 | Received a gift from Okawaru
 58831 | Vaults:5 | Reached XP level 26. HP: 219/219 MP: 8/25
 59165 | Vaults:5 | Got a warped brass ring
 59189 | Vaults:5 | Noticed Jorgrun
 59223 | Vaults:5 | Killed Jorgrun
 59789 | Temple   | Fell from the grace of Okawaru
 59789 | Temple   | Became a worshipper of Kikubaaqudgha
 60150 | Vaults:3 | Reached skill level 1 in Necromancy
 60164 | Vaults:3 | Reached skill level 1 in Transmutations
 60291 | Vaults:5 | Reached skill level 1 in Spellcasting
 60527 | Vaults:5 | Identified the ring of Uloydei {Fire MR+ Dex+6} (You took it off a fire giant on level 5 of the Vaults)
 60892 | Vaults:5 | Got a silver rune of Zot
 61391 | Depths:4 | Noticed Louise
 61405 | Depths:4 | Killed Louise
 61542 | Depths:4 | Reached * piety under Kikubaaqudgha
 61542 | Depths:4 | Identified Kikubaaqudgha's Tome of Unholy Arts (Kikubaaqudgha gifted it to you on level 4 of the Depths)
 61542 | Depths:4 | Received a gift from Kikubaaqudgha
 61548 | Depths:4 | Learned a level 3 spell: Regeneration
 61662 | Depths:4 | Reached skill level 5 in Transmutations
 62481 | Depths:4 | Reached skill level 5 in Necromancy
 62723 | Depths:4 | Got a dazzling large shield
 62724 | Depths:4 | Identified the cursed +0 large shield of Coronation {rF+ Int-5 Slay+3 SInv} (You took it off Louise on level 4 of the Depths)
 62784 | Depths:5 | Entered Level 5 of the Depths
 62799 | Depths:5 | Reached ** piety under Kikubaaqudgha
 62879 | Depths:5 | Reached XP level 27. HP: 228/228 MP: 9/28
 63395 | Depths:5 | Reached *** piety under Kikubaaqudgha
 63395 | Depths:5 | Identified Kikubaaqudgha's Almanac of Stolen Souls (Kikubaaqudgha gifted it to you on level 5 of the Depths)
 63395 | Depths:5 | Received a gift from Kikubaaqudgha
 63406 | Depths:5 | Learned a level 6 spell: Simulacrum
 63413 | Depths:5 | Learned a level 6 spell: Death Channel
 63499 | Depths:5 | Learned a level 2 spell: Corpse Rot
 63597 | Depths:5 | Noticed GordonOverkill's ghost (veteran HEBe)
 63633 | Depths:5 | Killed GordonOverkill's ghost
 63633 | Depths:5 | Reached skill level 5 in Spellcasting
 63928 | Depths:5 | Found a gate to the Realm of Zot.
 64209 | Elf:1    | Entered Level 1 of the Elven Halls
 64918 | Elf:1    | Identified a scroll of acquirement
 64968 | Elf:1    | Identified the Tome of Creative Conjuration
 64973 | Elf:1    | Learned a level 2 spell: Sublimation of Blood
 65148 | Elf:1    | Reached **** piety under Kikubaaqudgha
 65317 | Elf:2    | Found Faoneur's Distillery.
 65330 | Elf:2    | Bought a potion of agility for 64 gold pieces
 65768 | Elf:2    | Found a huge runed gate.
 65768 | Elf:2    | Found a huge runed gate.
 65769 | Elf:2    | Found a huge runed gate.
 65770 | Elf:2    | Found a huge runed gate.
 65774 | Elf:2    | Found a huge runed gate.
 66400 | Elf:3    | Entered Level 3 of the Elven Halls
 66511 | Elf:3    | Noticed Saint Roka
 66538 | Elf:3    | Killed Saint Roka
 66560 | Elf:3    | Reached ***** piety under Kikubaaqudgha
 67143 | Elf:3    | Reached skill level 10 in Necromancy
 67534 | Elf:3    | Reached skill level 10 in Transmutations
 67665 | Elf:3    | Got a coiled wooden ring
 67665 | Elf:3    | Was forgiven by Okawaru
 67785 | Elf:3    | Identified Sif Muna's Reference Book on Aerial Necromancy
 67793 | Elf:3    | Learned a level 5 spell: Dispel Undead
 67804 | Elf:3    | Identified the ring "Imnak" {+Blink rPois Stlth+} (You took it off a deep elf sorcerer on level 3 of the Elven Halls)
 67807 | Elf:3    | Identified the Disquisition on Dark Good Luck
 67813 | Elf:3    | Learned a level 3 spell: Vampiric Draining
 67832 | Elf:3    | Got a coiled tin ring
 67925 | Elf:3    | Identified the Incunabulum of Warped Ice
 67935 | Elf:3    | Got a crude copper ring
 67944 | Elf:3    | Identified the ring "Ovool" {*Drain +Fly Str+4} (You found it on level 3 of the Elven Halls)
 67945 | Elf:3    | Identified the ring "Tobraux" {rC+ rN+} (You took it off a deep elf blademaster on level 3 of the Elven Halls)
 68052 | Elf:3    | Got a fine war axe {chop}
 68053 | Elf:3    | Identified the cursed +0 war axe "Qapsam" {chop, +Inv MR+} (You took it off a deep elf sorcerer on level 3 of the Elven Halls)
 68462 | D:13     | You paid a toll of 7 potions of agility to enter a treasure trove
 68463 | Trove    | Entered a treasure trove
 68478 | Trove    | Got an ichor-stained glaive
 68487 | Trove    | Got a jewelled battleaxe
 68492 | Trove    | Got a scorched battleaxe
 68521 | D:13     | Identified the +1 glaive of the Endless Demons {vamp, +Inv rElec Dex-3} (You found it in a treasure trove)
 68522 | D:13     | Identified the +8 battleaxe of the Pit {flame, *Rage +Blink MR+++ Stlth+} (You found it in a treasure trove)
 68523 | D:13     | Identified the +2 battleaxe of Seskiele {drain, +Rage +Fly rN++ Dex-3} (You found it in a treasure trove)
 68554 | D:13     | Got a glittering iron amulet
 68564 | D:13     | Bought a scroll of identify for 22 gold pieces
 68564 | D:13     | Identified the amulet of Symmetry {Regen+ Str+5} (You acquired it on level 13 of the Dungeon)
 68676 | Hell     | Entered the Vestibule of Hell
 68676 | Hell     | Noticed Geryon
 68691 | Hell     | Killed Geryon
 68692 | Hell     | Noticed Murray
 69182 | Hell     | Killed Murray
 69256 | Hell     | Found a gateway to the decaying netherworld of Tartarus.
 69409 | Hell     | Found a gateway to the freezing wastes of Cocytus.
 69452 | Hell     | Found a gateway to the Iron City of Dis.
 69487 | Hell     | Found a gateway to the ashen valley of Gehenna.
 69906 | Depths:3 | Noticed a juggernaut
 69947 | Depths:3 | Killed a juggernaut
 70191 | Zot:1    | Entered Level 1 of the Realm of Zot
 70361 | Zot:1    | Reached ****** piety under Kikubaaqudgha
 70855 | Zot:1    | Received a gift from Kikubaaqudgha
 70866 | Zot:1    | Learned a level 8 spell: Necromutation
 71221 | Zot:2    | Reached skill level 27 in Axes
 71838 | Zot:2    | Reached skill level 15 in Necromancy
 74508 | Crypt:3  | Reached skill level 1 in Charms
 74975 | Crypt:3  | Found a staircase to the Tomb.
 75324 | Crypt:3  | Got a glittering granite ring
 75333 | Crypt:3  | Noticed an ancient lich
 75333 | Crypt:3  | Noticed an ancient lich
 75399 | Crypt:3  | Noticed an ancient lich
 75405 | Crypt:3  | Got a sparkling pewter amulet
 75405 | Crypt:3  | Got a transparent glass ring
 75425 | Crypt:2  | Killed an ancient lich
 75428 | Crypt:2  | Identified the amulet "Meotwuly" {rC+ rN+ Regen+ MP+9} (You found it on level 3 of the Crypt)
 75429 | Crypt:2  | Identified the ring "Sahuduf" {+Blink rF+++ rN+ MR- SInv} (You took it off an ancient champion on level 3 of the Crypt)
 75431 | Crypt:2  | Identified the ring of Grontol {rN+ Dex+3} (You found it on level 3 of the Crypt)
 75597 | Vaults:3 | Reached skill level 5 in Dodging
 77127 | Lair:3   | Got a transparent shield
 77138 | Lair:3   | Identified the +4 shield of Theory {+Blink rC- Slay+6} (You acquired it on level 3 of the Lair of Beasts)
 77433 | Depths:1 | Voluntarily entered the Abyss.
 77687 | Abyss:3  | Got an abyssal rune of Zot
 77776 | Depths:1 | Escaped the Abyss
 77782 | Depths:1 | Voluntarily entered the Abyss.
 78106 | Abyss:1  | Got a translucent lead amulet
 78269 | Abyss:2  | Found a corrupted altar of Lugonu.
 78302 | Abyss:2  | Got an encrusted plate armour
 78414 | Depths:1 | Escaped the Abyss
 78417 | Depths:1 | Identified the amulet "Mopib" {RegenMP rElec Dex+3 Stlth-} (You found it on level 1 of the Abyss)
 78428 | Depths:1 | Identified the cursed +0 plate armour of the Forest {rC- Dex+5} (You found it on level 2 of the Abyss)
 78457 | Depths:1 | Voluntarily entered the Abyss.
 79154 | Abyss:1  | Lost mutation: Your muscles are very strong. (Str +4) [a neqoxec]
 79158 | Abyss:1  | Gained mutation: You are clumsy. (Dex -2) [a neqoxec]
 79506 | Abyss:2  | Found a corrupted altar of Lugonu.
 79552 | Abyss:2  | Gained mutation: Your spells are a little easier to cast, but a little less powerful. [a neqoxec]
 79553 | Abyss:2  | Gained mutation: Armour fits poorly on your strangely shaped body. [a neqoxec]
 79806 | Abyss:2  | Gained mutation: You are frail. (-10% HP) [a neqoxec]
 80336 | Abyss:2  | Reached skill level 10 in Dodging
 80434 | Depths:1 | Escaped the Abyss
 80455 | Depths:1 | Voluntarily entered the Abyss.
 80510 | Abyss:2  | Got a translucent great sword
 80651 | Abyss:2  | Gained mutation: You are very frail. (-20% HP) [a neqoxec]
 80768 | Abyss:2  | Noticed an ancient lich
 80800 | Abyss:2  | Reached skill level 15 in Transmutations
 80808 | Abyss:2  | Killed an ancient lich
 80951 | Abyss:2  | Gained mutation: Potions and wands are less effective at restoring your health. [a neqoxec]
 82318 | Abyss:2  | Found a stormy altar of Qazlal.
 82785 | Depths:1 | Escaped the Abyss
 82793 | Depths:1 | Lost mutation: You are clumsy. (Dex -2) [potion of cure mutation]
 82793 | Depths:1 | Lost mutation: Your muscles are strong. (Str +2) [potion of cure mutation]
 82793 | Depths:1 | Lost mutation: Potions and wands are less effective at restoring your health. [potion of cure mutation]
 82793 | Depths:1 | Lost mutation: Your spells are a little easier to cast, but a little less powerful. [potion of cure mutation]
 82794 | Depths:1 | Lost mutation: Armour fits poorly on your strangely shaped body. [potion of cure mutation]
 82794 | Depths:1 | Lost mutation: You are partially covered in large bone plates. (SH +4) [potion of cure mutation]
 82794 | Depths:1 | Lost mutation: You are very frail. (-20% HP) [potion of cure mutation]
 82794 | Depths:1 | Lost mutation: You are frail. (-10% HP) [potion of cure mutation]
 82795 | Depths:1 | Gained mutation: You have an increased reservoir of magic. (+10% MP) [potion of beneficial mutation]
 83394 | Geh:1    | Entered Level 1 of Gehenna
 83649 | Geh:1    | Found an ancient bone altar of Kikubaaqudgha.
 83856 | Geh:3    | Reached skill level 10 in Spellcasting
 84895 | Geh:7    | Entered Level 7 of Gehenna
 85484 | Geh:7    | Identified Ruipt's Guide on Mutagenic Lightness
 85515 | Geh:7    | Noticed Asmodeus
 85536 | Geh:7    | Killed Asmodeus
 85542 | Geh:7    | Got an obsidian rune of Zot
 85847 | Coc:1    | Entered Level 1 of Cocytus
 85888 | Coc:1    | Reached skill level 1 in Stealth
 86192 | Coc:2    | Reached skill level 5 in Stealth
 86430 | Coc:3    | Noticed a shard shrike
 86443 | Coc:3    | Killed a shard shrike
 86981 | Coc:6    | Reached skill level 10 in Stealth
 87060 | Coc:7    | Entered Level 7 of Cocytus
 87158 | Coc:7    | Noticed a shard shrike
 87158 | Coc:7    | Noticed a shard shrike
 87163 | Coc:7    | Noticed a shard shrike
 87164 | Coc:7    | Noticed a shard shrike
 87167 | Coc:7    | Killed a shard shrike
 87167 | Coc:7    | Reached skill level 27 in Fighting
 87171 | Coc:7    | Killed a shard shrike
 87171 | Coc:7    | Killed a shard shrike
 87215 | Coc:7    | Noticed a shard shrike
 87222 | Coc:7    | Killed a shard shrike
 87246 | Coc:7    | Noticed a shard shrike
 87328 | Coc:7    | Killed a shard shrike
 87384 | Coc:7    | Noticed Antaeus
 87407 | Coc:7    | HP: 8/240 [blizzard demon/bolt of lightning[the effects of Hell] (43)]
 87427 | Coc:7    | HP: 6/240 [blizzard demon/bolt of lightning[the effects of Hell] (23)]
 87429 | Coc:7    | Killed from afar by Antaeus

Skill      XL: |  1  2  3  4  5  6  7  8  9 10 11 12 13 14 15 16 17 18 19 20 21 22 23 24 25 26 27 |
---------------+----------------------------------------------------------------------------------+-----
Axes           | 3 4 5 7 9 10 12 13 14 16 17 18 19 20 21 22 23 24 25 26 27 | 27.0
Armour         | 4 5 6 8 9 10 11 12 13 14 15 16 17 18 19 20 22 23 | 23.0
Fighting       | 4 5 6 7 9 10 11 12 13 14 15 16 17 18 19 20 21 27 | 27.0
Invocations    | 2 |  2.6
Shields        | 4 6 8 9 10 12 13 14 15 16 | 16.4
Dodging        | 3 4 14 | 14.4
Necromancy     | 5 20 | 20.7
Transmutations | 6 18 | 18.6
Spellcasting   | 3 10 | 10.0
Charms         | 3 |  3.0
Stealth        | 13 | 13.4

Action                   |  1- 3 |  4- 6 |  7- 9 | 10-12 | 13-15 | 16-18 | 19-21 | 22-24 | 25-27 || total
-------------------------+-------+-------+-------+-------+-------+-------+-------+-------+-------++-------
Melee: War axe           |    85 |   208 |   320 |   158 |       |       |       |       |       ||   771
       Battleaxe         |       |       |       |   370 |   625 |   972 |   657 |   340 |   238 ||  3202
       Punch             |       |       |       |     5 |       |       |       |       |       ||     5
       Broad axe         |       |       |       |    18 |   202 |   156 |   477 |   504 |   320 ||  1677
       Mace              |       |       |       |    15 |       |       |       |       |       ||    15
       Executioner's axe |       |       |       |       |     3 |       |    54 |   406 |  5134 ||  5597
 Cast: Regeneration      |       |       |       |       |       |       |       |       |    33 ||    33
       Death Channel     |       |       |       |       |       |       |       |       |     3 ||     3
       Repel Missiles    |       |       |       |       |       |       |       |       |     2 ||     2
Invok: Heroism           |       |       |       |     9 |    20 |    10 |     6 |    17 |     2 ||    64
       Receive Necronomi |       |       |       |       |       |       |       |       |     1 ||     1
 Abil: Dig               |       |       |       |     1 |     7 |     3 |     3 |     3 |    18 ||    35
Evoke: Wand              |       |       |       |     3 |     2 |       |       |       |       ||     5
  Use: Potion            |       |       |     1 |     8 |       |     2 |       |    16 |    11 ||    38
       Scroll            |       |       |    20 |     6 |     7 |    11 |     7 |    13 |    35 ||    99
 Stab: Petrifying        |       |       |       |       |       |       |       |       |     3 ||     3
       Distracted        |       |       |       |       |       |       |       |       |     2 ||     2
       Invisible         |       |       |       |       |       |       |       |       |     2 ||     2
  Eat: Chunk             |     1 |     8 |    11 |    21 |    33 |    30 |    18 |    22 |    67 ||   211
       Royal jelly       |       |       |       |     2 |       |     2 |     1 |     1 |     5 ||    11
       Pizza             |       |       |       |     1 |     1 |       |     6 |     5 |     2 ||    15
       Meat ration       |       |       |       |     1 |       |       |       |       |       ||     1
       Beef jerky        |       |       |       |     1 |     2 |       |     2 |     1 |     7 ||    13
       Bread ration      |       |       |       |       |       |       |       |       |     5 ||     5
Armor: Scale mail        |    42 |   154 |    45 |       |   276 |    18 |       |       |       ||   535
       Chain mail        |       |       |   196 |   442 |   117 |       |       |       |       ||   755
       Plate armour      |       |       |       |       |       |   403 |   386 |   398 |    47 ||  1234
       Fire dragon scale |       |       |       |       |       |       |       |     7 |       ||     7
       Gold dragon scale |       |       |       |       |       |       |       |       |  1485 ||  1485
       Quicksilver drago |       |       |       |       |       |       |       |       |     2 ||     2
Dodge: Dodged            |    53 |   156 |   164 |   270 |   205 |   179 |   161 |   201 |   941 ||  2330
       Deflected         |       |       |       |       |       |       |       |       |     3 ||     3
Block: Shield            |       |       |       |       |   410 |   710 |   682 |   661 |    78 ||  2541
       Large shield      |       |       |       |       |       |       |    50 |   274 |  4678 ||  5002
